 Dungeon Crawl Stone Soup version 0.30-b1-2-g02819fbbbe (webtiles) character file.

Game seed: 14902422673202236442

18 redmage the Digger (level 3, -1/26 HPs)
             Began as a Meteoran Earth Elementalist on Aug 3, 2023.
             Slain by a rat (2 damage)
             ... on level 3 of the Dungeon.
             The game lasted 00:04:01 (442 turns).

redmage the Digger (Meteoran Earth Elementalist)     Turns: 442, Time: 00:04:02

Health: -1/26      AC:  3    Str:  9    XL:     3   Next: 5%
Magic:  6/8        EV: 12    Int: 18    God:
Gold:   36         SH:  0    Dex: 15    Spells: 2/8 levels left

rFire   . . .        (no weapon)
rCold   . . .        (no shield)
rNeg    . . .        a - +0 robe
rPois   .            (no helmet)
rElec   .            c - +0 cloak
rCorr   .            (no gloves)
SInv    .            (no boots)
Will    .....        (no amulet)
Stlth   +            (no ring)
HPRegen 0.24/turn    (no ring)
MPRegen 0.11/turn

%: no passive effects
@: very slightly contaminated, glowing, very slow
A: sense surroundings 1, otherworldly, glowing, explore regen
a: no special abilities


You were on level 3 of the Dungeon.
You visited 1 branch of the dungeon, and saw 3 of its levels.

You collected 36 gold pieces.

Inventory:

Armour
 a - a +0 robe (worn)
 c - a +0 cloak (worn)
Scrolls
 d - 2 scrolls of fog {unknown}


   Skills:
 - Level 2.4 Dodging
 - Level 1.4 Stealth
 - Level 3.0 Spellcasting
 * Level 0.1 Conjurations
 + Level 1.8 Transmutations
 * Level 4.2 Earth Magic


You had 2 spell levels left.
You knew the following spells:

 Your Spells              Type           Power      Damage    Failure   Level
a - Sandblast             Erth           36%        2d10      2%          1
b - Passwall              Tmut/Erth      10%        N/A       7%          2
c - Stone Arrow           Conj/Erth      20%        3d8       21%         3

Your spell library contained the following spells:

 Spells                   Type           Power      Damage    Failure   Level
 Petrify                  Tmut/Erth      13%        N/A       43%         4


Dungeon Overview and Level Annotations

Branches:
Dungeon (3/15) Zot: 1340

Altars:


Innate Abilities, Weirdness & Mutations

You passively map a small area around you.
You are easily found by Zot.
You glow in the dark.
You regain HP and MP as you explore.


Message History

The river rat bites you.
* * * LOW HITPOINT WARNING * * *
Casting: Sandblast (safe; 2% risk of failure)
Confirm with . or Enter, or press ? or * to list all spells.
Aiming: Sandblast (safe; 2% risk of failure)
Press: ? - help, Shift-Dir - straight line, f/p - river rat
Aim: a river rat (severely wounded, 80% to hit)
The blast of sand hits the river rat but does no damage.
The river rat is severely wounded.
The rat barely misses you. The river rat bites you.
* * * LOW HITPOINT WARNING * * *
Your magical contamination has completely faded away.
Unknown command.
Casting: Sandblast (safe; 2% risk of failure)
Confirm with . or Enter, or press ? or * to list all spells.
Aiming: Sandblast (safe; 2% risk of failure)
Press: ? - help, Shift-Dir - straight line, f/p - river rat
Aim: a river rat (severely wounded, 80% to hit)
You miscast Sandblast.
You are very lightly contaminated with residual magic.
Nothing appears to happen.
The rat closely misses you. The river rat barely misses you.
Unknown command.
Unknown command.
Unknown command.
Unknown command.
Unknown command.
Unknown command.
Unknown command.
Casting: Sandblast (safe; 2% risk of failure)
Confirm with . or Enter, or press ? or * to list all spells.
Aiming: Sandblast (safe; 2% risk of failure)
Press: ? - help, Shift-Dir - straight line, f/p - river rat
Aim: a river rat (severely wounded, 80% to hit)
The blast of sand hits the river rat but does no damage.
The river rat is severely wounded.
The rat bites you.
* * * LOW HITPOINT WARNING * * *
The river rat misses you. The rat bites you.
You die...

#.#.#.#.#.#.##
,#.#.#.#.#.#<# *
.#.#.#.#.#.#.......
#.#.#.#.#.#########
~#.#.#.#.##~ *
~#.#.#.#.##~#### ,
#.#.#.#.#~#~~ * *
#.#)#.##~#r# *
#.#.#.#~#@#∩ * * *
#.#.#.##~#r# *
#.#.#.#.#.##r~~~ ,
* ##.....##~# ##**
, #########B~ ~ #**


You could see a river rat and 2 rats.

Vanquished Creatures
  An endoplasm (D:2)
  4 goblins
  2 jackals (D:2)
  2 kobolds (D:2)
  3 bats (D:2)
  2 frilled lizards (D:2)
  A rat (D:2)
15 creatures vanquished.

Notes
Turn   | Place    | Note
-------+----------+-------------------------------------------
     0 | D:1      | redmage the Meteoran Earth Elementalist began the quest for
                  | the Orb.
     0 | D:1      | Reached XP level 1. HP: 14/14 MP: 5/5
   110 | D:2      | Reached XP level 2. HP: 15/20 MP: 0/6
   155 | D:2      | Reached skill level 4 in Earth Magic
   397 | D:2      | Reached XP level 3. HP: 26/26 MP: 6/8
   400 | D:2      | Learned a level 2 spell: Passwall
   404 | D:2      | Learned a level 3 spell: Stone Arrow
   442 | D:3      | HP: 1/26 [rat (3)]
   442 | D:3      | Slain by a rat

Illustrated notes

Levels and vault maps discovered:
D:1:      evilmike_arrival_rings, layout_basic,
          hellmonk_ecumenical_altar_inner_sanctum, serial_bayou_pond_d
D:2:      layout_basic, basic_altar, minmay_liquid_box,
          nicolae_underground_beach
D:3:      layout_basic, gup_sewer_entry_spiral, chequers_serial_rivers_small_a,
          hangedman_glass_teeth, minmay_statues_item, uniq_grinder

Skill      XL: |  1  2 |
---------------+-------+-----
Earth Magic    | 4 |  4.2
Spellcasting   | 3 |  3.0
Dodging        | |  2.4
Stealth        | |  1.4
Conjurations   | |  0.1
Transmutations | |  1.8

Action                     || total
---------------------------++-------
  Melee: Unarmed           ||     1
   Cast: Sandblast         ||    34
         Passwall          ||     2
    Use: Potion            ||     1
 Armour: Robe              ||     9
  Dodge: Dodged            ||    19
